 Dungeon Crawl Stone Soup version 0.28-a0-1412-gf95308ed99 (webtiles) character file.

Game seed: 16089863166716104025

79905 Majang the Unseen (level 15, -4/79 HPs)
             Began as a Spriggan Brigand on Jan 6, 2022.
             Was the Champion of Ru.
             Slain by a wolf spider (8 damage)
             ... on level 1 of the Spider Nest on Jan 7, 2022.
             The game lasted 02:29:07 (29289 turns).

Majang the Unseen (Spriggan Brigand)               Turns: 29289, Time: 02:29:07

Health: -4/79      AC:  9    Str:  7    XL:     15   Next: 22%
Magic:  12/16      EV: 38    Int: 16    God:    Ru [******]
Gold:   375        SH:  0    Dex: 33    Spells: 14/14 levels left

rFire   . . .      SeeInvis +   S - +12 dagger "Lobrint" {freeze, Contam Fragile Int+3 Dex+3}
rCold   . . .      Faith    .   (shield unavailable)
rNeg    . . .      Spirit   .   O - +2 robe {Will+}
rPois   +          Reflect  .   D - +2 hat "Jamu" {rPois}
rElec   .          Harm     .   c - +2 cloak
rCorr   .          Rampage  .   (gloves unavailable)
Will    +++..                   (boots unavailable)
Stlth   ++++++++..              Q - amulet of regeneration
HPRegen 1.03/turn               (ring unavailable)
MPRegen 0.15/turn               B - +6 ring of dexterity

@: lethally poisoned (-4 -> -9), exhausted, unable to drink, very quick
A: very small, no large weapons, unfitting armour, see invisible, speed 3,
inability to drink while threatened, missing a hand, hated by all, missing an
eye
a: Renounce Religion, Draw Out Power, Power Leap, Apocalypse


You were on level 1 of the Spider Nest.
You worshipped Ru.
Ru was exalted by your worship.
You visited 5 branches of the dungeon, and saw 22 of its levels.
You also visited: Gauntlet and Volcano.

You collected 2231 gold pieces.
You spent 1856 gold pieces at shops.

Inventory:

Hand Weapons
 a - a +6 vampiric quick blade
 S - the +12 dagger "Lobrint" (weapon) {freeze, Contam Fragile Int+3 Dex+3}
   (You found it on level 6 of the Lair of Beasts)

   It freezes those it strikes, dealing additional cold damage.
   It can also slow down cold-blooded creatures.
   Int:       It affects your intelligence (+3).
   Dex:       It affects your dexterity (+3).
   Contam:    It causes magical contamination when unequipped.
   Fragile:   It will be destroyed if unequipped.
Missiles
 b - 4 silver boomerangs
 d - 65 poisoned darts (quivered)
 e - 6 curare-tipped darts
 m - 27 boomerangs
Armour
 c - a +2 cloak (worn)
 D - the +2 hat "Jamu" (worn) {rPois}
   (You acquired it on level 12 of the Dungeon)

   rPois:     It protects you from poison.
 I - +0 steam dragon scales
 J - +0 acid dragon scales
 O - a +2 robe of willpower (worn)
Jewellery
 B - a +6 ring of dexterity (right hand)
 F - a ring of willpower
 H - a ring of protection from cold
 K - an amulet of reflection
 N - a ring of flight
 Q - an amulet of regeneration (around neck)
 R - a ring of resist corrosion
Wands
 f - a wand of digging (7)
 r - a wand of paralysis (17)
 u - a wand of iceblast (33)
 A - a wand of flame (46)
 C - a wand of polymorph (11)
 V - a wand of acid (2)
Scrolls
 h - 6 scrolls of magic mapping
 i - a scroll of identify
 n - 2 scrolls of silence
 s - 6 scrolls of immolation
 v - 6 scrolls of fog
 y - a scroll of blinking
 G - 9 scrolls of teleportation
Potions
 g - 2 potions of heal wounds
 j - 3 potions of magic
 k - a potion of lignification
 l - 8 potions of ambrosia
 o - 2 potions of resistance
 p - 6 potions of curing
 q - 3 potions of flight
 t - 7 potions of mutation
 w - 3 potions of might
 x - 5 potions of attraction
 z - 6 potions of haste
 E - 2 potions of invisibility


   Skills:
 + Level 9.5 Fighting
 * Level 16.8 Short Blades
 + Level 10.8 Throwing
 + Level 13.7 Dodging
 + Level 17.0 Stealth
 + Level 11.8 Evocations


You had 14 spell levels left.
You didn't know any spells.
Your spell library contained the following spells:

 Spells                   Type           Power      Damage    Failure   Level
 Apportation              Tloc           0%         N/A       26%         1
 Beastly Appendage        Tmut           0%         N/A       26%         1
 Slow                     Hex            0%         N/A       26%         1
 Corpse Rot               Necr/Air       0%         N/A       36%         2
 Wereblood                Tmut           0%         N/A       36%         2
 Confusing Touch          Hex            0%         N/A       58%         3
 Conjure Flame            Conj/Fire      0%         6-21      58%         3
 Dazzling Flash           Conj/Hex       0%         N/A       58%         3
 Gell's Gravitas          Tloc           0%         N/A       58%         3
 Ignite Poison            Fire/Tmut/Pois 0%         N/A       58%         3
 Spider Form              Tmut/Pois      0%         N/A       58%         3
 Teleport Other           Tloc           0%         N/A       58%         3
 Vampiric Draining        Necr           0%         2d6       58%         3
 Dispel Undead            Necr           0%         3d6       94%         4
 Sticky Flame             Conj/Fire      0%         2d3       94%         4
 Agony                    Necr           0%         N/A       100%        5
 Alistair's Intoxication  Tmut/Pois      0%         N/A       100%        5
 Borgnjor's Vile Clutch   Necr/Erth      0%         N/A       100%        5
 Irradiate                Conj/Tmut      0%         3d13      100%        5
 Silence                  Hex/Air        0%         N/A       100%        5
 Dispersal                Tloc           0%         N/A       100%        6
 Eringya's Noxious Bog    Tmut/Pois      0%         N/A       100%        6
 Animate Skeleton         Necr           Unusable   N/A       N/A         1
 Summon Small Mammal      Summ           Unusable   N/A       N/A         1
 Death Channel            Necr           Unusable   N/A       N/A         6
 Malign Gateway           Summ/Tloc      Unusable   N/A       N/A         7
 Summon Horrible Things   Summ           Unusable   N/A       N/A         8

Dungeon Overview and Level Annotations

Branches:
Dungeon (12/15)            Temple (1/1) D:4            Lair (6/6) D:10
 Shoals (0/4) Lair:3       Spider (1/4) Lair:3        Slime (0/5) Lair:6
    Orc (2/2) D:9             Elf (0/3) Orc:2       Volcano (visited)
Gauntlet (visited)

Altars:
Ashenzari
Cheibriados
Dithmenos
Elyvilon
Fedhas
Gozag
Hepliaklqana
Kikubaaqudgha
Makhleb
Nemelex Xobeh
Okawaru
Qazlal
Ru
Sif Muna
Trog
Uskayaw
Vehumet
Wu Jian
Xom
Yredelemnul
Zin
The Shining One
Beogh
Lugonu

Shops:
D:4 *   Orc:2 !!([(

Portals:
Abyss: Lair:6


Innate Abilities, Weirdness & Mutations

You are very small and have problems with some larger weapons.
You are too small for most types of armour.
You have supernaturally acute eyesight. (SInv)
You cover ground extremely quickly. (Speed+++)
You sometimes lose the ability to drink potions when taking damage.
You are missing a hand.
You are hated by all.
You are missing an eye, making it more difficult to aim.


Message History

The sun moth is severely wounded.
You are covered in liquid flames!
You are no longer on fire.
You cannot drink potions in your current state!
Unknown command.
You hit the sun moth. You freeze the sun moth.
The sun moth is almost dead.
You redirect the wolf spider's attack!
The wolf spider hits itself!
The wolf spider closely misses itself.
The sun moth begins to attack, but is stunned by your conviction!
You puncture the wolf spider! You freeze the wolf spider.
The wolf spider is almost dead.
The wolf spider completely misses you. x2
You hit the wolf spider. You freeze the wolf spider.
The wolf spider is almost dead.
The sun moth closely misses you. The wolf spider completely misses you.
The wolf spider bites you!
* * * LOW HITPOINT WARNING * * *
You are poisoned.
The wolf spider poisons you!
Okay, then.
Aiming: Paralyse
Press: ? - help, Shift-Dir - straight line, f - sun moth
Aim: a sun moth (almost dead, haloed, chance to affect: 39%)
The sun moth suddenly stops moving!
You feel very sick.
The wolf spider hits you but does no damage.
The wolf spider completely misses you.
The helpless sun moth fails to defend itself.
You stick the sun moth like a pincushion!!!!!!
You freeze the sun moth.
You kill the sun moth!
You feel sick. The wolf spider misses you.
The wolf spider completely misses you.
You closely miss the wolf spider.
The wolf spider is almost dead.
You feel sick. The wolf spider hits you!
* * * LOW HITPOINT WARNING * * *
The wolf spider bites you!
You die...

##############
#............#.
#.............
#..@†#.......
##..s..#....#
#≈≈##....#
##≈..<#.#.#
#.......≈≈#
#......#...≈≈≈#
##^.... ≈.≈≈≈#≈
##.#.. #≈#≈#≈≈
####. #≈≈≈≈≈


You could see a wolf spider.

Vanquished Creatures
  Gastronok (D:11)
  Kirke (Lair:6)
  An orc warlord (Orc:2)
  The ghost of zeramoth the Severer, a journeyman MiFi of Hepliaklqana (Orc:2)
  A minotaur (Gauntlet)
  Josephine (D:10)
  The ghost of cariele the Basher, a journeyman DDBr of Nemelex Xobeh (Orc:1)
  6 hydras
  A boulder beetle (D:8)
  An anaconda (shapeshifter) (Lair:6)
  An anaconda (Lair:5)
  10 two-headed ogres
  A death knight (D:11)
  6 death yaks
  A catoblepas (Lair:6)
  3 thrashing horrors (Lair:6)
  3 orc high priests (Orc:2)
  Nergalle (D:10)
  A sun moth (Spider:1)
  A deep elf pyromancer (D:8)
  4 orc knights
  3 orc sorcerers (Orc:2)
  8 oklob plants
  2 ugly things
  A cyclops (D:12)
  Joseph (Lair:1)
  11 elephants
  A manticore (D:12)
  A merfolk siren (Lair:3)
  6 black mambas
  A torpor snail (Lair:1)
  14 cane toads
  An unseen horror (D:12)
  7 komodo dragons
  A rime drake (D:8)
  A freezing wraith (D:11)
  A kobold demonologist (D:11)
  The ghost of erthbison the Chopper, a novice GrFi of Okawaru (D:6)
  2 ancient zymes (Lair:6)
  A queen bee (D:9)
  3 polar bears
  9 trolls
  A tarantella (shapeshifter) (Lair:6)
  25 blink frogs
  A spriggan (Lair:6)
  3 wyverns
  9 wraiths
  A large abomination (Lair:6)
  3 hogs (Lair:6)
  A human (Lair:6)
  6 basilisks
  38 yaks
  A fire elemental (D:8)
  A redback (Spider:1)
  5 chaos spawn (Lair:6)
  4 steam dragons (D:8)
  2 wargs (Orc:2)
  Edmund (D:5)
  An acid dragon (D:12)
  15 water moccasins
  A floating eye (shapeshifter) (Lair:6)
  39 orc warriors
  2 sky beasts
  2 necrophages
  12 ogres
  10 centaurs
  6 wolves (Lair:4)
  12 kobold brigands
  8 bullfrogs
  A wyvern zombie (D:5)
  4 gnoll sergeants
  4 scorpions
  10 small abominations
  A water moccasin skeleton (D:6)
  A wyvern skeleton (D:6)
  20 killer bees (D:9)
  4 wights (D:8)
  5 howler monkeys
  4 centaur zombies
  2 hounds
  4 jellies
  A centaur skeleton (D:5)
  19 orc priests
  A bullfrog skeleton (D:6)
  23 orc wizards
  5 iguanas
  2 hound skeletons
  17 gnolls
  11 adders
  2 shadow imps
  4 worms
  5 dart slugs
  90 orcs
  5 ball pythons
  10 endoplasms
  2 giant cockroaches (D:4)
  10 hobgoblins
  6 jackals (D:3)
  7 quokkas
  2 bats
  3 frilled lizards
  6 goblins
  13 kobolds
  5 rats
  12 bushes (Lair:1)
654 creatures vanquished.

Vanquished Creatures (others)
  A cane toad (Lair:3)
  2 wolves
  A wight (D:8)
  2 orcs (Orc:1)
  4 bushes (Lair:1)
  49 fungi
  99 plants
158 creatures vanquished.

Grand Total: 812 creatures vanquished

Notes
Turn   | Place    | Note
-------+----------+-------------------------------------------
     0 | D:1      | Majang the Spriggan Brigand began the quest for the Orb.
     0 | D:1      | Reached XP level 1. HP: 10/10 MP: 2/2
   334 | D:1      | Reached XP level 2. HP: 15/15 MP: 3/3
   844 | D:2      | Reached XP level 3. HP: 18/18 MP: 4/4
  1178 | D:2      | Found a blossoming altar of Fedhas.
  1322 | D:2      | Reached XP level 4. HP: 23/23 MP: 5/5
  1388 | D:2      | Noticed an ogre
  1464 | D:2      | Killed an ogre
  1465 | D:2      | Reached skill level 5 in Short Blades
  1465 | D:2      | Reached XP level 5. HP: 10/28 MP: 6/6
  2476 | D:3      | Reached skill level 6 in Stealth
  2491 | D:3      | You fall into a shaft and drop 1 floor!
  2539 | D:4      | Found Degilub's Gadget Gallery.
  2732 | D:4      | Found a staircase to the Ecumenical Temple.
  2743 | Temple   | Entered the Ecumenical Temple
  2781 | Temple   | Became a worshipper of Ru the Awakened
  2925 | D:4      | Noticed an ogre
  2937 | D:4      | Killed an ogre
  2938 | D:4      | Reached XP level 6. HP: 32/32 MP: 7/7
  4415 | D:3      | Found a faded altar of an unknown god.
  4735 | D:3      | Reached XP level 7. HP: 27/36 MP: 8/8
  4925 | D:4      | Gained mutation: You are missing a hand. [Ru sacrifice]
  4925 | D:4      | Reached * piety under Ru
  4925 | D:4      | Reached ** piety under Ru
  5709 | D:5      | Entered Level 5 of the Dungeon
  5811 | D:5      | Reached skill level 7 in Stealth
  6304 | D:5      | Noticed Edmund
  6308 | D:5      | Killed Edmund
  6309 | D:5      | Reached XP level 8. HP: 42/42 MP: 9/9
  6444 | D:5      | Reached skill level 8 in Stealth
  7039 | D:6      | Reached skill level 5 in Dodging
  7279 | D:6      | Gained mutation: You sometimes lose the ability to drink
                  | potions when taking damage. [Ru sacrifice]
  7279 | D:6      | Reached *** piety under Ru
  7279 | D:6      | Reached **** piety under Ru
  7518 | D:6      | Reached XP level 9. HP: 46/46 MP: 10/10
  7528 | D:6      | Found a runed translucent gate.
  7528 | D:6      | Found a runed translucent gate.
  7528 | D:6      | Found a runed translucent gate.
  7528 | D:6      | Noticed erthbison's ghost (novice GrFi)
  7529 | D:6      | Noticed a kobold demonologist
  7724 | D:6      | Noticed a two-headed ogre
  7730 | D:6      | Killed a two-headed ogre
  7731 | D:6      | Reached skill level 5 in Throwing
  7731 | D:6      | Reached skill level 9 in Stealth
  8653 | D:5      | Reached skill level 5 in Fighting
  9302 | D:6      | Killed erthbison's ghost
  9303 | D:6      | Reached skill level 10 in Stealth
  9732 | D:7      | Reached skill level 10 in Short Blades
 10383 | D:8      | Reached skill level 1 in Evocations
 10383 | D:8      | Reached XP level 10. HP: 37/51 MP: 11/11
 10470 | D:8      | Noticed a deep elf pyromancer
 10473 | D:8      | Killed a deep elf pyromancer
 11042 | D:8      | Gained mutation: You are hated by all. [Ru sacrifice]
 11042 | D:8      | Reached ***** piety under Ru
 11066 | D:8      | Reached skill level 11 in Stealth
 11284 | D:8      | Noticed a boulder beetle
 11314 | D:8      | Killed a boulder beetle
 11626 | D:9      | Noticed a two-headed ogre
 11655 | D:9      | Killed a two-headed ogre
 11787 | D:9      | Noticed a two-headed ogre
 11834 | D:8      | Reached XP level 11. HP: 15/56 MP: 7/12
 12143 | D:8      | Killed a two-headed ogre
 12908 | D:9      | Found a staircase to the Orcish Mines.
 12911 | D:9      | Reached skill level 12 in Stealth
 12911 | D:9      | Reached skill level 5 in Evocations
 13257 | D:10     | Entered Level 10 of the Dungeon
 13276 | D:10     | Found a staircase to the Lair.
 13276 | D:10     | Noticed an oklob plant
 13298 | D:10     | Noticed Nergalle
 13304 | D:10     | Killed Nergalle
 13596 | D:10     | Noticed Josephine
 13773 | D:10     | Killed Josephine
 13875 | D:10     | Found an ancient bone altar of Kikubaaqudgha.
 13925 | D:10     | Gained mutation: You are missing an eye, making it more
                  | difficult to aim. [Ru sacrifice]
 13925 | D:10     | Reached ****** piety under Ru
 14039 | Lair:1   | Entered Level 1 of the Lair of Beasts
 14213 | D:10     | Killed an oklob plant
 14962 | Lair:1   | Reached skill level 13 in Stealth
 14962 | Lair:1   | Reached XP level 12. HP: 34/63 MP: 4/13
 15112 | Lair:1   | Reached skill level 10 in Dodging
 15723 | Lair:1   | Noticed Joseph
 15809 | Lair:1   | Killed Joseph
 15976 | Lair:1   | Identified a scroll of acquirement
 15976 | Lair:1   | Acquired a +5 quick blade
 16336 | Lair:2   | Noticed a six-headed hydra
 16424 | Lair:2   | Killed a one-headed hydra
 16471 | Lair:2   | Noticed a five-headed hydra
 16477 | Lair:2   | Killed a five-headed hydra
 16514 | Lair:2   | Noticed a death yak
 16557 | Lair:1   | Killed a death yak
 16764 | Lair:2   | Noticed a seven-headed hydra
 16772 | Lair:2   | Killed a five-headed hydra
 16773 | Lair:2   | Reached skill level 14 in Stealth
 17365 | Lair:3   | Found a hole to the Spider Nest.
 17452 | Lair:3   | Noticed a death yak
 17452 | Lair:3   | Noticed a death yak
 17460 | Lair:3   | Noticed a death yak
 17503 | Lair:2   | Killed a death yak
 17536 | Lair:3   | Noticed a death yak
 17543 | Lair:3   | Noticed a death yak
 17554 | Lair:3   | Killed a death yak
 17555 | Lair:3   | Reached XP level 13. HP: 57/66 MP: 5/14
 18117 | Lair:3   | Found a staircase to the Shoals.
 18299 | Lair:3   | Found a dark tunnel.
 18308 | Volcano  | Entered a volcano
 19212 | Lair:4   | Reached skill level 15 in Stealth
 19823 | Lair:4   | Upgraded the game from 0.28-a0-1406-ga8dd43b1d0 to
                  | 0.28-a0-1412-gf95308ed99
 20077 | Lair:5   | Found a gate leading to a gauntlet.
 20086 | Gauntlet | Entered a Gauntlet
 20086 | Gauntlet | Found a transporter.
 20094 | Gauntlet | Found a transporter.
 20096 | Gauntlet | Found a transporter.
 20097 | Gauntlet | Found a transporter.
 20108 | Gauntlet | Found a transporter.
 20109 | Gauntlet | Found a transporter.
 20118 | Gauntlet | Found a transporter.
 20120 | Gauntlet | Found a transporter.
 20121 | Gauntlet | Found a transporter.
 20123 | Gauntlet | Noticed a balrug
 20132 | Gauntlet | Found a transporter.
 20133 | Gauntlet | Found a transporter.
 20134 | Gauntlet | Found a transporter.
 20141 | Gauntlet | Found a transporter.
 20189 | Gauntlet | Found a transporter.
 20309 | Gauntlet | Noticed a minotaur
 20347 | Gauntlet | Killed a minotaur
 20420 | Gauntlet | Got the Incunabulum of the Exiled Runes
 20827 | Lair:5   | Reached skill level 15 in Short Blades
 21267 | Lair:6   | Entered Level 6 of the Lair of Beasts
 21360 | Lair:6   | Reached skill level 10 in Evocations
 21621 | Lair:6   | Found a staircase to the Slime Pits.
 21716 | Lair:6   | Noticed Kirke
 21740 | Lair:6   | Reached XP level 14. HP: 63/68 MP: 6/15
 21742 | Lair:6   | Killed Kirke
 21857 | Lair:6   | Identified the +12 dagger "Lobrint" {freeze, Contam Fragile
                  | Int+3 Dex+3}
 22576 | Lair:6   | Reached skill level 10 in Throwing
 23074 | Lair:6   | Reached skill level 16 in Stealth
 23183 | Lair:6   | Found a corrupted altar of Lugonu.
 23183 | Lair:6   | Found a one-way gate to the infinite horrors of the Abyss.
 23201 | Lair:6   | Identified the +8 great sword of Responsibility {freeze,
                  | Int+2}
 23695 | Orc:1    | Entered Level 1 of the Orcish Mines
 23843 | Orc:1    | Found a transporter.
 23845 | Orc:1    | Noticed cariele's ghost (journeyman DDBr)
 23854 | Orc:1    | Found a transporter.
 24864 | Orc:1    | Killed cariele's ghost
 24952 | Orc:2    | Entered Level 2 of the Orcish Mines
 24994 | Orc:2    | Found Piakat's Distillery.
 25041 | Orc:2    | Bought a potion of invisibility for 96 gold pieces
 25041 | Orc:2    | Bought a potion of heal wounds for 60 gold pieces
 25235 | Orc:2    | Found a staircase to the Elven Halls.
 25345 | Orc:2    | Found Hinney Wurch's Antique Weapon Boutique.
 25722 | Orc:2    | Found Nurch's Distillery.
 25933 | Orc:2    | Noticed an orc warlord
 25934 | Orc:2    | Found Ecen Bigi's Antique Armour Emporium.
 25941 | Orc:2    | Found Cifokh's Antique Weapon Shoppe.
 25943 | Orc:2    | Killed an orc warlord
 26164 | Orc:2    | Bought a shadowed robe for 96 gold pieces
 26164 | Orc:2    | Identified the +0 robe "Poureadunn" {Str-5 Int+3 SInv} (You
                  | bought it in a shop on level 2 of the Orcish Mines)
 26371 | Orc:2    | Found a runed translucent door.
 26376 | Orc:2    | Noticed zeramoth's ghost (journeyman MiFi)
 26391 | Orc:2    | Killed zeramoth's ghost
 26392 | Orc:2    | Reached XP level 15. HP: 68/79 MP: 16/16
 26667 | Orc:2    | Bought a potion of haste for 140 gold pieces
 26667 | Orc:2    | Bought a potion of curing for 42 gold pieces
 26667 | Orc:2    | Bought a potion of might for 56 gold pieces
 26667 | Orc:2    | Bought a potion of curing for 42 gold pieces
 26711 | Orc:2    | Bought a brightly glowing scimitar for 297 gold pieces
 26711 | Orc:2    | Identified the +5 scimitar "Xiquukug" {antimagic, rF- rN+
                  | rCorr} (You bought it in a shop on level 2 of the Orcish
                  | Mines)
 27012 | Orc:2    | Bought a potion of flight for 36 gold pieces
 27012 | Orc:2    | Bought 2 potions of mutation for 192 gold pieces
 27012 | Orc:2    | Bought a potion of curing for 36 gold pieces
 27012 | Orc:2    | Bought a potion of haste for 120 gold pieces
 27173 | D:4      | Bought a wand of iceblast (13) for 221 gold pieces
 27173 | D:4      | Bought a wand of iceblast (7) for 143 gold pieces
 27173 | D:4      | Bought a wand of digging (5) for 234 gold pieces
 27173 | D:4      | Bought a wand of flame (5) for 45 gold pieces
 27560 | D:11     | Noticed Gastronok
 27578 | D:11     | Killed Gastronok
 28345 | D:12     | Acquired the +2 hat "Jamu" {rPois}
 29270 | Spider:1 | Entered Level 1 of the Spider Nest
 29280 | Spider:1 | Reached skill level 17 in Stealth
 29289 | Spider:1 | Slain by a wolf spider

Illustrated notes

Levels and vault maps discovered:
D:1:      pf_arrival_petrified_forest, layout_loops_ring, columned_hall_lemuel
D:2:      minmay_recursive_quarters, layout_loops_corners, basic_altar
D:3:      layout_basic, hellmonk_ecumenical_altar_dog_temple
D:4:      layout_gridville, minmay_temple_entry_glassed_door,
          nicolae_shop_gadgets
D:5:      minmay_chambers_of_threes, layout_basic, uniq_edmund
D:6:      layout_gridville, gammafunk_ghost_nasty_kobolds
D:7:      layout_loops_ring
D:8:      layout_loops_ring, dilly_guarded_unrand_elemental_staff
D:9:      layout_roguey, kennysheep_orc_monster_closet_entryway, special_room
          [special_room_bee], corner_web_ring
D:10:     layout_loops_corners, mainiacjoe_overflow_tiny_flanked,
          dpeg_oklobed_lair, bh_walls_and_bars, uniq_josephine, uniq_nergalle
D:11:     layout_small_grid, uniq_gastronok
D:12:     layout_long_grid, nicolae_zen_rock_garden,
          hangedman_decor_diamond_cutter
Temple:   compressed_dpeg_circular_temple
Lair:1:   layout_misc_corridors, serial_forest, infiniplex_forest_straight_4,
          infiniplex_forest_end_2, infiniplex_forest_clump_small,
          infiniplex_forest_clump_small, infiniplex_forest_clump_tiny,
          infiniplex_forest_pool, infiniplex_forest_end_2,
          infiniplex_forest_end_double, infiniplex_forest_straight_5,
          nicolae_lair_grove_arrangements, uniq_joseph
Lair:2:   layout_chaotic_city, grunt_megastairs_5, serial_bayou_shore_a,
          lemuel_fruit_tree
Lair:3:   layout_gridlike, minmay_shoals_entry_lonely_mermaid,
          spider_nest_entry_web_field, nicolae_volcano_entry_two_sided
Lair:4:   layout_cave_pods, grunt_megastairs_1, lemuel_fruit_fields
Lair:5:   layout_cave_pods, gauntlet_entry_generic, grunt_megastairs_3
Lair:6:   hellmonk_lair_end_abyssal_woods, layout_small_grid,
          minmay_slime_entry_oklob_open, dpeg_oklob_1, uniq_kirke
Spider:1: layout_spider_delve, spiders_nest_spider_trap,
          hangedman_spider_tarantella_strand
Orc:1:    cheibrodos_orc_arena, layout_caves, gammafunk_ghost_smash
Orc:2:    grunt_orc_community_town_hall, layout_diamond_mine,
          grunt_orc_community_big_house_2, grunt_orc_community_big_house_1,
          grunt_orc_community_house_2, grunt_orc_community_house_3,
          grunt_orc_community_house_2, grunt_orc_community_house_2,
          serial_shops, shop, ebering_ghost_reflecting_pool

Skill      XL: |  1  2  3  4  5  6  7  8  9 10 11 12 13 14 15 |
---------------+----------------------------------------------+-----
Short Blades   | 3 4 5 6 7 8 10 11 12 14 15 16 | 16.8
Fighting       | 2 3 4 5 6 7 8 9 |  9.5
Stealth        | 6 7 8 10 11 13 14 15 16 17 | 17.0
Dodging        | 2 3 4 5 7 8 9 11 12 13 | 13.7
Throwing       | 3 4 5 6 7 8 9 10 | 10.8
Evocations     | 1 4 6 8 10 11 | 11.8

Action                   |  1- 3 |  4- 6 |  7- 9 | 10-12 | 13-15 || total
-------------------------+-------+-------+-------+-------+-------++-------
Melee: Dagger            |    49 |   228 |   295 |   469 |   853 ||  1894
       Punch             |       |     3 |       |       |       ||     3
       Rapier            |       |       |       |     6 |       ||     6
       Quick blade       |       |       |       |   302 |   687 ||   989
       Long sword        |       |       |       |    12 |       ||    12
Throw: Dart              |    17 |    39 |    20 |    34 |   114 ||   224
       Boomerang         |       |       |       |     5 |     2 ||     7
Invok: Sacrifice a Hand  |       |       |     1 |       |       ||     1
       Sacrifice Drink   |       |       |     1 |       |       ||     1
       Power Leap        |       |       |     1 |    13 |    12 ||    26
       Draw Out Power    |       |       |     1 |       |       ||     1
       Sacrifice Love    |       |       |       |     1 |       ||     1
       Apocalypse        |       |       |       |     7 |     7 ||    14
       Sacrifice an Eye  |       |       |       |     1 |       ||     1
Evoke: Wand              |       |       |       |       |    16 ||    16
  Use: Scroll            |       |       |    14 |     7 |    12 ||    33
       Potion            |       |       |       |     1 |     1 ||     2
 Stab: Sleeping          |    11 |    15 |    11 |    16 |    46 ||    99
       Distracted        |     1 |     1 |     9 |    11 |    19 ||    41
       Invisible         |       |       |     1 |     8 |    10 ||    19
       Paralysed         |       |       |       |       |    15 ||    15
Armor: Robe              |     4 |    24 |    11 |    30 |    50 ||   119
       Skin              |       |       |       |       |     7 ||     7
Dodge: Dodged            |    27 |   108 |   121 |   343 |   698 ||  1297
Block: Other             |       |       |       |    33 |       ||    33

Table legend: (Time is in decaauts)
 A = Elapsed time spent in this place.
 B = Non-inter-level travel time spent in this place.
 C = Inter-level travel time spent in this place.
 D = Time resting spent in this place.
 E = Time spent auto-exploring this place.
 F = Levels seen in this place.
 G = Mean time per level.
                   A        B        C        D        E       F      G
               +--------+--------+--------+--------+--------+-----+--------+
         Total |  20995 |  19846 |   1149 |   7373 |   6711 |  24 |  874.8 |
       Dungeon |  13169 |  12620 |    549 |   5832 |   4065 |  12 | 1097.4 |
        Temple |     44 |     44 |      0 |      0 |      0 |   1 |   44.0 |
          Lair |   5270 |   4996 |    274 |    987 |   2109 |   6 |  878.3 |
   Spider Nest |     10 |     10 |      0 |      0 |      0 |   1 |   10.0 |
  Orcish Mines |   2215 |   1891 |    324 |    483 |    501 |   2 | 1107.5 |
       Volcano |      6 |      6 |      0 |      0 |      0 |   1 |    6.0 |
      Gauntlet |    278 |    278 |      0 |     70 |     34 |   1 |  278.0 |
               +--------+--------+--------+--------+--------+-----+--------+

Top non-repeatable levels by time:
     D:5: 1942 daAuts
     D:2: 1805 daAuts
    D:10: 1555 daAuts
     D:8: 1497 daAuts
  Lair:6: 1489 daAuts
   Orc:2: 1340 daAuts
     D:3: 1263 daAuts
     D:6: 1119 daAuts
  Lair:1: 1082 daAuts
     D:4: 1034 daAuts
     D:9: 912 daAuts
   Orc:1: 875 daAuts
  Lair:4: 722 daAuts
  Lair:2: 701 daAuts
  Lair:3: 660 daAuts
